 Dungeon Crawl Stone Soup version 0.31-a0-819-gf6de2f5ab6 (webtiles) character file.

Game seed: 10721583218003115619

20834 D12ThenQuit the Warmonger (level 12, 99/99 HPs)
             Began as a Demonspawn Delver on Sept 24, 2023.
             Was a High Priest of Okawaru.
             Got out of the dungeon alive.
             The game lasted 00:37:03 (13163 turns).

D12ThenQuit the Warmonger (Demonspawn Delver)      Turns: 13163, Time: 00:37:03

Health: 99/99      AC: 18    Str: 23    XL:     12   Next: 48%
Magic:  21/21      EV: 21    Int:  7    God:    Okawaru [*****.]
Gold:   601        SH:  4    Dex: 15    Spells: 11/11 levels left

rFire   . . .        a - +6 shillelagh "Devastator" {shatter}
rCold   . . .        (no shield)
rNeg    + . .        X - +3 leather armour {rN+}
rPois   .            B - +2 helmet
rElec   .            (no cloak)
rCorr   .            O - +0 pair of gloves of the Other World {Will+++ Regen+ Int-5 Stlth-}
SInv    .            t - +1 pair of boots of Okawaru's Indignation {+Inv}
Will    +++..        (no amulet)
Stlth   ++           l - +6 ring of strength
HPRegen 1.16/turn    o - +5 ring of evasion
MPRegen 0.34/turn

%: guardian spirit
@: no status effects
A: icy blue scales 1, icemail 1, magic shield, magic regeneration, condensation
shield, demonic touch 2
a: Renounce Religion, Evoke Invisibility, Heroism, Finesse, Duel


You escaped.
You worshipped Okawaru.
Okawaru was extremely pleased with you.
You visited 2 branches of the dungeon, and saw 13 of its levels.
You also visited: Ossuary and Bailey.

You collected 741 gold pieces.
You spent 140 gold pieces at shops.

Inventory:

Hand Weapons
 a - the +6 shillelagh "Devastator" (weapon) {shatter}
   (You found it on level 2 of the Dungeon)
 V - a +0 morningstar
 Y - a +5 dire flail
Armour
 t - the +1 pair of boots of Okawaru's Indignation (worn) {+Inv}
   (You acquired it in a bailey)

   +Inv:      It lets you turn invisible.
 B - a +2 helmet (worn)
 K - a +0 buckler
 O - the +0 pair of gloves of the Other World (worn) {Will+++ Regen+ Int-5 Stlth-}
   (You acquired it in a bailey)

   Int-5:     It affects your intelligence (-5).
   Will+++:   It greatly increases your willpower.
   Regen+:    It increases your rate of health regeneration.
   Stlth-:    It makes you less stealthy.
 X - a +3 leather armour of positive energy (worn)
Magical Staves
 C - a staff of cold
Jewellery
 h - the amulet of the Four Winds {rN+ Will+++ Clar}
   (You found it on level 10 of the Dungeon)

   [amulet of nothing]

   rN+:       It protects you from negative energy.
   Will+++:   It greatly increases your willpower.
   Clar:      It protects you from confusion, rage, mesmerisation and fear.
 l - a +6 ring of strength (left hand)
 m - a ring of see invisible
 o - a +5 ring of evasion (right hand)
 z - a +4 ring of protection
 P - a ring of ice
Talismans
 k - a beast talisman
Wands
 g - a wand of digging (8)
 R - a wand of polymorph (7)
 T - a wand of roots (23)
 U - a wand of mindburst (8)
 W - a wand of flame (29)
Scrolls
 d - 3 scrolls of revelation
 e - 2 scrolls of fear
 i - a scroll of poison
 p - 2 scrolls of vulnerability {unknown}
 q - 4 scrolls of enchant armour
 u - 2 scrolls of fog
 v - 2 scrolls of amnesia
 w - 3 scrolls of noise {unknown}
 x - 2 scrolls of torment {unknown}
 y - 2 scrolls of teleportation
 L - 3 scrolls of immolation
 S - a scroll of silence
 Z - a scroll of enchant weapon
Potions
 f - 4 potions of haste
 n - 2 potions of lignification
 s - 8 potions of curing
 A - 3 potions of brilliance
 D - a potion of heal wounds
 E - a potion of berserk rage
 F - a potion of ambrosia {unknown}
 G - a potion of cancellation
 H - 2 potions of might
 J - 2 potions of attraction
 M - 2 potions of invisibility {unknown}
 Q - 4 potions of mutation {unknown}


   Skills:
 - Level 10.8 Fighting
 - Level 1.7 Long Blades
 + Level 11.7 Maces & Flails
 - Level 8.3 Dodging
 - Level 4.5 Stealth
 + Level 12.7 Invocations


You had 11 spell levels left.
You didn't know any spells.
Your spell library contained the following spells:

 Spells                   Type           Power      Damage    Failure   Level
 Slow                     Hex            0%         N/A       47%         1
 Confusing Touch          Hex            0%         N/A       85%         3
 Dazzling Flash           Conj/Hex       0%         N/A       85%         3
 Ozocubu's Armour         Ice            0%         N/A       85%         3
 Sigil of Binding         Hex            0%         N/A       85%         3
 Vampiric Draining        Necr           0%         2d6       85%         3
 Vhi's Electric Charge    Tloc/Air       0%         N/A       99%         4
 Agony                    Necr           0%         N/A       100%        5
 Arcjolt                  Conj/Air       0%         1d10      100%        5
 Metabolic Englaciation   Hex/Ice        0%         N/A       100%        5
 Silence                  Hex/Air        0%         N/A       100%        5
 Ozocubu's Refrigeration  Ice            0%         4d7       100%        7
 Maxwell's Capacitive Co  Air            0%         ∞         100%        8
 Simulacrum               Ice/Necr       Unusable   N/A       N/A         6

Dungeon Overview and Level Annotations

Branches:
Dungeon (12/15)            Temple (1/1) D:5            Lair (0/5) D:10
    Orc (0/2) D:11        Ossuary (visited)          Bailey (visited)

Altars:
Ashenzari
Cheibriados
Dithmenos
Fedhas
Gozag
Hepliaklqana
Kikubaaqudgha
Makhleb
Nemelex Xobeh
Okawaru
Qazlal
Ru
Sif Muna
Trog
Uskayaw
Vehumet
Wu Jian
Xom
Yredelemnul

Shops:
D:9 [


Innate Abilities, Weirdness & Mutations

You are partially covered in icy blue scales. (AC +2)
A meltable icy envelope protects you from harm. (AC +4)
When hurt, damage is shared between your health and your magic reserves.
You regenerate magic rapidly.
A meltable shield of frost defends you. (SH +4)
Your touch may inflict irresistible damage on your foes.


Message History

There is a stone staircase leading up here.
You climb upwards.
There is a stone staircase leading down here.
There is an open door here.
There is an open door here.
There is an open door here.
There is a stone staircase leading up here.
You climb upwards.
There is a stone staircase leading down here.
There is a stone staircase leading up here.
You climb upwards.
There is a stone staircase leading down here.
There is a stone staircase leading up here.
You climb upwards.
There is a stone staircase leading down here.
There is an open door here.
There is a stone staircase leading up here.
You climb upwards.
There is a stone staircase leading down, spattered with blood here.
There is a stone staircase leading up here.
You climb upwards.
There is a stone staircase leading down here.
There is an open door here.
There is an open door here.
There is an escape hatch in the ceiling here.
A mysterious force pulls you upwards. The hatch slams shut behind you.
There is a stone staircase leading up here.
You climb upwards.
There is a stone staircase leading down here.
There is a stone staircase leading up here.
You climb upwards.
There is a stone staircase leading down here.
There is a stone staircase leading up here.
You climb upwards.
There is a stone staircase leading down here.
You see here 7 stones.
There is an open door here.
There is a staircase leading out of the dungeon here.
Alright, then stay!
You have escaped!

##### #...#
#.#'#
##.#.#####
#####
#..#....@#
#....
####.##>#####
#....
######....####
##....
.......####
##.....
#####.##
#########......
####..##
#..............
.......##
#............##
##......##
#..........#.#
..###....##
##...).....##.#


There were no monsters in sight!

Vanquished Creatures
  An orc warlord (Bailey)
  An ettin (D:10)
  A centaur warrior (D:10)
  2 boulder beetles (D:12)
  4 two-headed ogres
  A wolf spider (D:10)
  A deep elf pyromancer (D:10)
  An orc knight (Bailey)
  A manticore (D:10)
  3 cyclopes (D:12)
  Joseph (D:8)
  An unseen horror (D:11)
  3 kobold demonologists
  A komodo dragon (D:12)
  2 trolls
  A hornet (D:10)
  A slime creature (D:10)
  A shadow (D:10)
  2 wraiths (D:10)
  2 wyverns
  20 yaks
  A vampire (D:12)
  A basilisk (D:11)
  Grum (D:8)
  A steam dragon (D:8)
  A swamp worm (D:7)
  2 water moccasins (D:7)
  2 ice beasts
  14 orc warriors
  A sky beast (D:7)
  4 wolves (D:8)
  2 ogres
  3 phantoms
  8 centaurs
  A kobold brigand (D:7)
  A scorpion (D:7)
  6 bullfrogs
  10 wights
  A troll zombie (Ossuary)
  3 electric eels (D:11)
  A howler monkey (D:8)
  4 hounds
  A centaur zombie (Ossuary)
  A jelly (D:6)
  Crazy Yiuf (D:2)
  6 orc priests
  5 sleepcaps
  Natasha (thrice) (D:3)
  A gnoll bouda (D:10)
  10 orc wizards
  2 iguanas
  3 ogre zombies (Ossuary)
  Robin (D:2)
  8 mummies
  10 gnolls
  5 adders
  2 shadow imps (D:7)
  A white imp (D:8)
  2 adder zombies (Ossuary)
  3 worms
  3 dart slugs
  36 orcs
  11 endoplasms
  5 giant cockroaches
  2 gnoll zombies (Ossuary)
  10 hobgoblins
  2 jackals (D:1)
  10 kobolds
  3 quokkas
  3 ball pythons
  7 bats
  29 goblins
  5 goblin zombies (Ossuary)
  3 hobgoblin zombies (Ossuary)
  6 kobold zombies (Ossuary)
  3 quokka zombies (Ossuary)
  6 rats
  4 rat zombies (Ossuary)
332 creatures vanquished.

Vanquished Creatures (others)
  A kobold (D:11)
1 creature vanquished.

Grand Total: 333 creatures vanquished

Notes
Turn   | Place    | Note
-------+----------+-------------------------------------------
     0 | D:5      | D12ThenQuit the Demonspawn Delver began the quest for the
                  | Orb.
     0 | D:5      | Reached XP level 1. HP: 18/18 MP: 1/1
    31 | D:5      | Noticed a centaur
    51 | D:5      | Noticed an ice beast
    69 | D:5      | Noticed a hound
   269 | D:5      | Found a staircase to the Ecumenical Temple.
   278 | Temple   | Entered the Ecumenical Temple
   300 | Temple   | Became a worshipper of Warmaster Okawaru
   581 | D:5      | Noticed a sleepcap
   782 | D:3      | Noticed Natasha
   952 | D:3      | Gained mutation: A meltable shield of frost defends you.
                  | (SH +4) [demonic ancestry]
   952 | D:3      | Reached XP level 2. HP: 22/24 MP: 2/2
  1094 | D:3      | Found an ornate altar of the Wu Jian Council.
  1305 | D:2      | Reached XP level 3. HP: 29/30 MP: 3/3
  1704 | D:1      | Gained mutation: A meltable icy envelope protects you from
                  | harm. (AC +4) [demonic ancestry]
  1704 | D:1      | Reached XP level 4. HP: 38/38 MP: 4/4
  1748 | D:1      | Found a faded altar of an unknown god.
  1792 | D:1      | Reached skill level 5 in Fighting
  2029 | D:2      | Found a runed translucent door.
  2029 | D:2      | Found the +6 shillelagh "Devastator" {shatter}
  2030 | D:2      | Noticed Crazy Yiuf
  2173 | D:2      | Noticed Robin
  2187 | D:2      | Killed Robin
  2523 | D:3      | Killed Natasha
  2525 | D:3      | Reached XP level 5. HP: 44/46 MP: 5/5
  2851 | D:3      | Noticed Natasha
  2865 | D:3      | Killed Natasha
  2974 | D:3      | Noticed an ogre
  3006 | D:3      | Noticed Natasha
  3013 | D:3      | Killed Natasha
  3013 | D:3      | Reached * piety under Okawaru
  3054 | D:4      | Reached skill level 2 in Invocations
  3098 | D:4      | Found a bloodstained altar of Trog.
  3546 | D:5      | Noticed a phantom
  3577 | D:5      | Killed a phantom
  3578 | D:5      | Reached skill level 4 in Invocations
  3578 | D:5      | Reached XP level 6. HP: 47/52 MP: 7/9
  3735 | D:5      | Reached skill level 5 in Invocations
  4038 | D:5      | Killed an ice beast
  4038 | D:5      | Reached ** piety under Okawaru
  4039 | D:5      | Gained mutation: Your touch may inflict minor irresistible
                  | damage on your foes. [demonic ancestry]
  4039 | D:5      | Reached XP level 7. HP: 20/59 MP: 10/10
  4449 | D:6      | Found a sand-covered staircase.
  4621 | Ossuary  | Entered an ossuary
  5190 | Ossuary  | Gained mutation: You regenerate magic rapidly. [demonic
                  | ancestry]
  5190 | Ossuary  | Reached XP level 8. HP: 68/68 MP: 11/11
  5418 | D:6      | Reached skill level 5 in Dodging
  5436 | D:6      | Reached *** piety under Okawaru
  5450 | D:6      | Found a stormy altar of Qazlal.
  5471 | D:6      | Found a sparkling altar of Nemelex Xobeh.
  5780 | D:6      | Found a snail-covered altar of Cheibriados.
  6417 | D:7      | Gained mutation: Your touch may inflict irresistible damage
                  | on your foes. [demonic ancestry]
  6417 | D:7      | Reached XP level 9. HP: 69/76 MP: 12/12
  6691 | D:7      | Reached **** piety under Okawaru
  6848 | D:7      | Reached skill level 10 in Fighting
  7307 | D:8      | Noticed Joseph
  7875 | D:2      | Killed Crazy Yiuf
  8174 | D:8      | Reached skill level 1 in Maces & Flails
  8353 | D:8      | Killed Joseph
  8354 | D:8      | Gained mutation: When hurt, damage is shared between your
                  | health and your magic reserves. [demonic ancestry]
  8354 | D:8      | Reached XP level 10. HP: 59/86 MP: 13/13
  8664 | D:8      | Noticed Grum
  8700 | D:9      | Found Miorikhly's Antique Armour Boutique.
  8708 | D:9      | Bought a dyed leather armour for 140 gold pieces
  8762 | D:9      | Found a flagged portal.
  8781 | D:9      | Reached ***** piety under Okawaru
  8786 | D:9      | Received a gift from Okawaru
  8787 | D:9      | Reached skill level 5 in Maces & Flails
  8807 | Bailey   | Entered a bailey
  9107 | Bailey   | Noticed an orc warlord
  9108 | Bailey   | Noticed an orc knight
  9162 | Bailey   | Killed an orc warlord
  9163 | Bailey   | Gained mutation: You are partially covered in icy blue
                  | scales. (AC +2) [demonic ancestry]
  9163 | Bailey   | Reached XP level 11. HP: 13/92 MP: 1/15
  9436 | Bailey   | Acquired the +1 pair of boots of Okawaru's Indignation
                  | {+Inv}
  9451 | Bailey   | Killed an orc knight
  9452 | Bailey   | Reached skill level 6 in Invocations
  9458 | Bailey   | Acquired the +0 pair of gloves of the Other World {Will+++
                  | Regen+ Int-5 Stlth-}
 10091 | D:10     | Entered Level 10 of the Dungeon
 10101 | D:10     | Received a gift from Okawaru
 10113 | D:10     | Reached skill level 7 in Invocations
 10271 | D:10     | Found a staircase to the Lair.
 10599 | D:10     | Found a runed translucent door.
 10613 | D:10     | Noticed a deep elf pyromancer
 10620 | D:10     | Killed a deep elf pyromancer
 10621 | D:10     | Reached skill level 8 in Invocations
 10626 | D:10     | Noticed a centaur warrior
 10629 | D:10     | Killed a centaur warrior
 10630 | D:10     | Noticed a wolf spider
 10630 | D:10     | Noticed an ettin
 10636 | D:10     | Killed an ettin
 10637 | D:10     | Reached skill level 9 in Invocations
 10637 | D:10     | Killed a wolf spider
 10637 | D:10     | Received a gift from Okawaru
 10638 | D:10     | Reached skill level 10 in Maces & Flails
 10644 | D:10     | Found the amulet of the Four Winds {rN+ Will+++ Clar}
 10822 | D:10     | Reached skill level 10 in Invocations
 11075 | D:8      | Killed Grum
 11569 | D:11     | Found a staircase to the Orcish Mines.
 11719 | D:11     | Noticed a two-headed ogre
 11723 | D:11     | Killed a two-headed ogre
 11768 | D:11     | Noticed a two-headed ogre
 11775 | D:11     | Killed a two-headed ogre
 11775 | D:11     | Received a gift from Okawaru
 11776 | D:11     | Reached XP level 12. HP: 97/99 MP: 17/20
 11858 | D:11     | Reached skill level 11 in Invocations
 12224 | D:12     | Noticed a boulder beetle
 12240 | D:12     | Killed a boulder beetle
 12272 | D:12     | Noticed a boulder beetle
 12295 | D:12     | Killed a boulder beetle
 12299 | D:12     | Noticed a two-headed ogre
 12307 | D:12     | Killed a two-headed ogre
 12308 | D:12     | Reached skill level 12 in Invocations
 12370 | D:12     | Noticed a two-headed ogre
 12375 | D:12     | Killed a two-headed ogre
 13163 | D:$      | Got out of the dungeon alive.

Illustrated notes

Levels and vault maps discovered:
D:1:      amcnicky_arrival_choice, layout_rooms,
          shapermc_ecumenical_altar_mp_vishouse
D:2:      layout_rooms, uniq_robin, uniq_crazy_yiuf_cottage
D:3:      layout_loops_cross, nicolae_elyvilon_temple_path,
          nicolae_wu_jian_wuxing_cycle, hangedman_decor_points,
          chequers_big_river, grunt_ministairs_2, uniq_natasha
D:4:      layout_basic, marbit_many_paths
D:5:      layout_loops_corners, minmay_temple_entry_wispy
D:6:      layout_basic, slow_altar_1, jmf_multi_god_temple, enter_ossuary_3
D:7:      layout_basic, grunt_ministairs_2, worms_lemuel
D:8:      layout_cave_pods, uniq_joseph, uniq_grum
D:9:      layout_layer_cave, enter_bailey_5, serial_shops, shop,
          minmay_misc_feat_x
D:10:     layout_gridville, grunt_lair_entry_orc_guard_hut, minivault_13
D:11:     layout_roguey, orc_0_dummy, disabler_island
D:12:     layout_cave_pods, minmay_misc_feat_rows
Temple:   nicolae_temple_elliptical

Skill      XL: |  1  2  3  4  5  6  7  8  9 10 11 12 |
---------------+-------------------------------------+-----
Fighting       | 4 5 6 7 9 10 | 10.8
Invocations    | 4 5 10 12 | 12.7
Dodging        | 2 4 6 8 |  8.3
Maces & Flails | 2 8 10 11 | 11.7
Long Blades    | |  1.7
Stealth        | |  4.5

Action                     |  1- 3 |  4- 6 |  7- 9 | 10-12 || total
---------------------------+-------+-------+-------+-------++-------
  Melee: Falchion          |    94 |       |       |       ||    94
         Spear             |    20 |   186 |   208 |       ||   414
         Dagger            |       |    26 |   188 |       ||   214
         Punch             |       |     1 |     7 |     5 ||    13
         Touch             |       |       |    83 |    52 ||   135
         Shillelagh        |       |       |    13 |   274 ||   287
   Fire: Sling             |       |     5 |    65 |       ||    70
 Invoke: Heroism           |       |       |     3 |    10 ||    13
         Finesse           |       |       |       |     2 ||     2
Ability: Begin Untransform |     1 |       |       |       ||     1
  Evoke: Wand              |       |       |       |     4 ||     4
    Use: Potion            |     1 |       |     5 |     2 ||     8
         Scroll            |       |     5 |     4 |     8 ||    17
   Stab: Sleeping          |     4 |    16 |    21 |     4 ||    45
 Armour: Leather armour    |    53 |    69 |   167 |   109 ||   398
         Skin              |       |       |     5 |       ||     5
  Dodge: Dodged            |    70 |   105 |   296 |   185 ||   656
  Block: Other             |    19 |    36 |    53 |    30 ||   138
   Form: Beast             |     1 |       |       |       ||     1

Table legend: (Time is in decaauts)
 A = Elapsed time spent in this place.
 B = Non-inter-level travel time spent in this place.
 C = Inter-level travel time spent in this place.
 D = Time resting spent in this place.
 E = Time spent auto-exploring this place.
 F = Levels seen in this place.
 G = Mean time per level.
                   A        B        C        D        E       F      G
               +--------+--------+--------+--------+--------+-----+--------+
         Total |  13195 |  11932 |   1263 |   1257 |   6355 |  15 |  879.7 |
       Dungeon |  11803 |  10540 |   1263 |    884 |   6070 |  12 |  983.6 |
        Temple |     38 |     38 |      0 |      0 |      0 |   1 |   38.0 |
       Ossuary |    667 |    667 |      0 |     72 |    221 |   1 |  667.0 |
        Bailey |    685 |    685 |      0 |    301 |     64 |   1 |  685.0 |
               +--------+--------+--------+--------+--------+-----+--------+

Top non-repeatable levels by time:
     D:5: 1819 daAuts
     D:7: 1279 daAuts
     D:6: 1275 daAuts
     D:8: 1138 daAuts
     D:3: 1109 daAuts
    D:10: 1009 daAuts
     D:2: 833 daAuts
     D:9: 782 daAuts
    D:12: 774 daAuts
    D:11: 766 daAuts
  Bailey: 685 daAuts
 Ossuary: 667 daAuts
     D:1: 581 daAuts
     D:4: 434 daAuts
  Temple: 38 daAuts
